 Dungeon Crawl Stone Soup version 0.28-a0-604-g249bb1af34 (webtiles) character file.

Game seed: 13307360410583841426

116 Johnny the Chiller (level 4, -5/37 HPs)
             Began as a Draconian Ice Elementalist on Oct 5, 2021.
             Slain by a jumping spider (shapeshifter) (10 damage)
             ... on level 3 of the Dungeon.
             The game lasted 00:02:19 (4012 turns).

Johnny the Chiller (Draconian Ice Elementalist)     Turns: 4012, Time: 00:02:20

Health: -5/37      AC:  6    Str: 10    XL:     4   Next: 69%
Magic:  6/8        EV:  6    Int: 17    God:
Gold:   72         SH:  0    Dex: 11    Spells: 8/9 levels left

rFire   . . .      SeeInvis .   k - +3 quarterstaff (chaos)
rCold   . . .      Faith    .   (shield currently unavailable)
rNeg    . . .      Spirit   .   (armour unavailable)
rPois   .          Reflect  .   (helmet restricted)
rElec   .          Harm     .   l - +0 cloak
rCorr   .          Rampage  .   (no gloves)
Will    .....                   (no boots)
Stlth   ++........              (no amulet)
HPRegen 0.12/turn               (no ring)
MPRegen 0.11/turn               (no ring)

@: held
A: AC +5, unfitting armour, cold-blooded
a: no special abilities


You were on level 3 of the Dungeon.
You visited 1 branch of the dungeon, and saw 3 of its levels.

You collected 98 gold pieces.
You spent 26 gold pieces at shops.

Inventory:

Hand Weapons
 d - a +0 dagger
 k - a +3 quarterstaff of chaos (weapon)
Armour
 l - a +0 cloak (worn)
Wands
 m - a wand of paralysis (7)
Scrolls
 b - 2 scrolls of teleportation {unknown}
 f - 2 scrolls of summoning {unknown}
 g - 3 scrolls of identify
 j - a scroll of noise {unknown}
Potions
 a - a potion of curing {unknown}
 c - a potion of flight {unknown}
 e - a potion of resistance
 h - a potion of mutation {unknown}
 i - a potion of might {unknown}


   Skills:
 + Level 2.6 Fighting
 - Level 1.7 Dodging
 - Level 1.7 Stealth
 + Level 3.1 Spellcasting
 + Level 4.8 Ice Magic


You had 8 spell levels left.
You knew the following spells:

 Your Spells              Type           Power      Damage    Failure   Level
a - Freeze                Ice            72%        1d9       2%          1

Your spell library contained the following spells:

 Spells                   Type           Power      Damage    Failure   Level
 Frozen Ramparts          Ice            36%        1d5       7%          3
 Ozocubu's Armour         Ice            18%        N/A       7%          3
 Hailstorm                Conj/Ice       10%        3d5       54%         4


Dungeon Overview and Level Annotations

Branches:
Dungeon (3/15)

Altars:

Shops:
D:2 *

Annotations:
D:3 Grinder


Innate Abilities, Weirdness & Mutations

Your plain brown scales are hard. (AC +5)
You cannot fit into any form of body armour.
You are cold-blooded and may be slowed by cold attacks.


Message History

Your ball python zombie bites the jumping spider.
Your ball python zombie closely misses the jumping spider.
You hit the jumping spider. You freeze the jumping spider.
The jumping spider is moderately wounded.
The jumping spider barely misses you. x2
Your ball python zombie misses the jumping spider.
Your ball python zombie barely misses the jumping spider.
The jumping spider pounces on you!
* * * LOW HITPOINT WARNING * * *
You are caught in a web!
The jumping spider bites you but does no damage.
Your ball python zombie closely misses the jumping spider.
Your ball python zombie grabs the jumping spider.
Your ball python zombie constricts the jumping spider.
Casting: Freeze (safe; 2% risk of failure)
Confirm with . or Enter, or press ? or * to list all spells.
Aiming: Freeze (safe; 2% risk of failure)
Press: ? - help, Shift-Dir - straight line, f - jumping spider
Aim: a jumping spider shaped shifter (moderately wounded, constricted by your ball python zombie, ally target)
You freeze the jumping spider.
The jumping spider is moderately wounded.
The jumping spider pounces on you.
* * * LOW HITPOINT WARNING * * *
The jumping spider bites you.
* * * LOW HITPOINT WARNING * * *
Your ball python zombie bites the jumping spider but does no damage.
Your ball python zombie constricts the jumping spider.
Unknown command.
Casting: Freeze (safe; 2% risk of failure)
Confirm with . or Enter, or press ? or * to list all spells.
Aiming: Freeze (safe; 2% risk of failure)
Press: ? - help, Shift-Dir - straight line, f/p - jumping spider
Aim: a jumping spider shaped shifter (moderately wounded, constricted by your ball python zombie, ally target)
You freeze the jumping spider.
The jumping spider is heavily wounded.
The jumping spider pounces on you but does no damage.
The jumping spider bites you.
* * * LOW HITPOINT WARNING * * *
The jumping spider pounces on you!
You die...

........≈###.##......
≈≈≈≈≈≈≈≈Z###.##......
#########'##.........
#...##.#.#.#.#.
#......#.#.#.#. .######
##......#.#.#.#.
.......##<......#.#.#.#.
##....Z#.......#.#.#.#.
#....s@.####.#.........
#.......# #.###.......
#.......# #.###.......
##.....## #...##......
#....... ###.##......
#.......######.###.....
...###...........##.....
### #....####.#.##.....
# #.........#.....


You could see a jumping spider shaped shifter (ally target) and a friendly ball
python zombie.

Vanquished Creatures
  Crazy Yiuf (D:2)
  Robin (D:2)
  An adder (D:2)
  2 dart slugs (D:1)
  3 orcs (D:3)
  9 endoplasms
  2 giant cockroaches (D:2)
  8 goblins
  7 hobgoblins
  3 kobolds
  4 ball pythons
  5 bats
  4 frilled lizards
  9 rats
59 creatures vanquished.

Notes
Turn   | Place    | Note
-------+----------+-------------------------------------------
     0 | D:1      | Johnny the Draconian Ice Elementalist began the quest for
                  | the Orb.
     0 | D:1      | Reached XP level 1. HP: 14/14 MP: 3/3
   669 | D:1      | Reached XP level 2. HP: 20/22 MP: 5/5
   704 | D:1      | Reached skill level 1 in Fighting
  2069 | D:2      | Reached XP level 3. HP: 23/28 MP: 6/6
  2249 | D:2      | Found Xuyph's General Store.
  2255 | D:2      | Bought a scroll of identify for 26 gold pieces
  2846 | D:2      | Found a runed translucent door.
  2847 | D:2      | Noticed Crazy Yiuf
  2943 | D:2      | Noticed Robin
  3107 | D:2      | Killed Robin
  3108 | D:2      | Reached XP level 4. HP: 36/36 MP: 0/8
  3342 | D:2      | Killed Crazy Yiuf
  3688 | D:3      | Noticed Grinder
  3695 | D:3      | Paralysed by Grinder for 3 turns
  3707 | D:3      | Paralysed by Grinder for 4 turns
  4003 | D:3      | Noticed an ice beast
  4009 | D:3      | Noticed a shapeshifter
  4009 | D:3      | an ice beast changed into a shapeshifter
  4009 | D:3      | Noticed a jumping spider
  4009 | D:3      | a shapeshifter changed into a jumping spider
  4012 | D:3      | Slain by a jumping spider (shapeshifter)

Illustrated notes

Levels and vault maps discovered:
D:1:      psy_arrival_terrarium, layout_loops_corners,
          chequers_serial_rivers_micro_d
D:2:      layout_basic, serial_shops, shop, minmay_misc_feat_plants,
          uniq_crazy_yiuf_cottage, uniq_robin
D:3:      layout_rooms, lightli_temple_of_fire,
          hellmonk_ecumenical_altar_defaced_shrine, serial_bayou_pond_d,
          kennysheep_pointless_box, minmay_misc_feat_rows, uniq_grinder

Skill      XL: |  1  2  3  4 |
---------------+-------------+-----
Fighting       | 1 2 |  2.6
Spellcasting   | 3 |  3.1
Dodging        | |  1.7
Stealth        | |  1.7
Ice Magic      | |  4.8

Action                   |  1- 3 |  4- 6 || total
-------------------------+-------+-------++-------
Melee: Unarmed           |    58 |       ||    58
       Tailslap          |     9 |     1 ||    10
       Dagger            |   109 |     2 ||   111
       Quarterstaff      |       |    24 ||    24
 Cast: Freeze            |    27 |     9 ||    36
 Stab: Sleeping          |     3 |     2 ||     5
Armor: Skin              |    50 |     5 ||    55
Dodge: Dodged            |   109 |    22 ||   131

Table legend: (Time is in decaauts)
 A = Elapsed time spent in this place.
 B = Non-inter-level travel time spent in this place.
 C = Inter-level travel time spent in this place.
 D = Time resting spent in this place.
 E = Time spent auto-exploring this place.
 F = Levels seen in this place.
 G = Mean time per level.
                   A        B        C        D        E       F      G
               +--------+--------+--------+--------+--------+-----+--------+
         Total |   4022 |   3900 |    122 |    720 |   2642 |   3 | 1340.7 |
       Dungeon |   4022 |   3900 |    122 |    720 |   2642 |   3 | 1340.7 |
               +--------+--------+--------+--------+--------+-----+--------+

Top non-repeatable levels by time:
     D:1: 1831 daAuts
     D:2: 1761 daAuts
     D:3: 429 daAuts
